 Dungeon Crawl Stone Soup version 0.18.1-8-gdd0e5ea (webtiles) character file.

2739 Metae the Covered (level 9, -4/82 HPs)
             Began as a Deep Dwarf Fighter on June 10, 2016.
             Was a Believer of Makhleb.
             Killed by divine providence
             ... invoked by an orc priest
              (15 damage)
             ... on level 8 of the Dungeon.
             The game lasted 00:37:12 (6308 turns).

Metae the Covered (Deep Dwarf Fighter)              Turns: 6308, Time: 00:37:42

Health: -4/82      AC: 11    Str: 20    XL:     9   Next: 40%
Magic:  10/10      EV:  8    Int:  9    God:    Makhleb [**....]
Gold:   378        SH: 10    Dex: 15    Spells: 0 memorised, 8 levels left

rFire  + + +     SeeInvis .     y - +7 trident of Wunuyled {flame, rElec rF+++ rN+ MR-}
rCold  . . .     Gourm    .     x - +0 chain mail {rN+}
rNeg   + + +     Faith    .     c - +0 shield
rPois  .         Spirit   .     p - +0 helmet (curse)
rElec  +         Dismiss  .     (no cloak)
rCorr  .         Reflect  .     (no gloves)
SustAt .         Harm     .     (no boots)
MR     .....                    (no amulet)
Stlth  ..........               (no ring)
                                g - ring of positive energy

@: non-regenerating, not resistant to hostile enchantments, extremely unstealthy
A: damage resistance, recharge devices, sense surroundings 2, slow regeneration
3
a: Device Recharging, Minor Destruction, Renounce Religion


You were on level 8 of the Dungeon.
You worshipped Makhleb.
Makhleb was pleased with you.
You were not hungry.

You visited 1 branch of the dungeon, and saw 8 of its levels.

You collected 378 gold pieces.

Inventory:

Hand Weapons
 a - a +0 war axe
 d - a +2 short sword of freezing
 y - the +7 trident of Wunuyled (weapon) {flame, rElec rF+++ rN+ MR-}
   (You found it on level 4 of the Dungeon)

   It has been specially enchanted to burn those struck by it, causing extra
   injury to most foes and up to half again as much damage against particularly
   susceptible opponents.
   It renders you almost immune to fire.
   It insulates you from electricity.
   It protects you from negative energy.
   It affects your resistance to hostile enchantments.
Armour
 c - a +0 shield (worn)
 p - a cursed +0 helmet (worn)
 x - a +0 chain mail of positive energy (worn)
 B - a +0 chain mail
Jewellery
 g - a ring of positive energy (left hand)
Wands
 b - a wand of random effects (33/48)
 e - a wand of heal wounds (3/9)
 A - a wand of flame (22/48)
 D - a wand of acid (7/15)
Scrolls
 i - 2 scrolls of identify
 k - a scroll of enchant weapon {unknown}
 n - a scroll of teleportation
 v - a scroll of amnesia {unknown}
 w - 2 scrolls of fear
 G - 2 scrolls of remove curse {unknown}
 I - a scroll of random uselessness {unknown}
 J - a scroll of magic mapping {unknown}
 L - a scroll of holy word {unknown}
Potions
 h - a potion of flight {unknown}
 l - a potion of berserk rage
 m - a potion of resistance {unknown}
 o - a potion of magic {unknown}
 q - 3 potions of degeneration {unknown}
 r - a potion of lignification {unknown}
 s - 2 potions of curing {unknown}
 t - a potion of agility {unknown}
 u - a potion of mutation {unknown}
 C - a potion of invisibility {unknown}
 F - a potion of brilliance {unknown}
 H - a potion of heal wounds {unknown}
Books
 E - a book of the Warp

   Spells                             Type                      Level
   a - Recall                         Summoning/Translocation      3
   b - Gell's Gravitas                Hexes/Translocation          3
   c - Force Lance                    Conjuration/Translocation    4
   d - Warp Weapon                    Charms/Translocation         5
   e - Summon Forest                  Summoning/Translocation      5
Comestibles
 f - 4 bread rations
 j - 2 beef jerkies
 z - a meat ration
 K - 10 chunks of flesh


   Skills:
 * Level 6.0 Fighting
 - Level 3.5(4.8) Axes
 * Level 4.0(4.5) Polearms
 * Level 7.2 Armour
 + Level 4.3 Dodging
 + Level 5.4 Stealth
 + Level 5.4 Shields
 + Level 5.1 Evocations


You had 8 spell levels left.
You didn't know any spells.

Dungeon Overview and Level Annotations

Branches:
Dungeon (8/15)             Temple (0/1) D:7
   Lair: D:8-11

Altars:
Ashenzari
Elyvilon
Kikubaaqudgha
Makhleb
Trog
Vehumet
Xom
Zin
The Shining One


Innate Abilities, Weirdness & Mutations

You are resistant to damage.
You can recharge devices by infusing magical energy.
You passively map the area around you.
You do not regenerate naturally.


Message History

The orc priest casts a cantrip, but nothing happens.
You hit the orc warrior but do no damage.
You block the orc warrior's attack.
You hit the orc warrior. You burn the orc warrior.
The orc warrior is moderately wounded.
The orc warrior hits you with a war axe!
* * * LOW HITPOINT WARNING * * *
You hit the orc warrior. You burn the orc warrior.
The orc warrior is heavily wounded.
The orc warrior hits you but does no damage.
You hit the orc warrior. You burn the orc warrior.
The orc warrior is severely wounded.
You block the orc warrior's attack.
You hit the orc warrior but do no damage.
The orc warrior is severely wounded.
The orc warrior hits you with a war axe!
* * * LOW HITPOINT WARNING * * *
The orc priest calls down the wrath of Beogh upon you.
Beogh smites you!
You die...

### ** * , * * * * #.. , ,
,,, #.#** * , *### ***### #.#
* ,#..##*... ,..# #.# * *
...##.########.# #<# *,*
*...............# #.# *
..............#
#.#############...#.#.####..#
#..........)@oo...#...####..#
##############...##.....##..#
#...##......#..#
#....'.._.)'..).
#...#.......#...
#...##......#..#
#....##...#.....
#...#.##..###...
##..............


You could see an orc warrior and an orc priest.

Vanquished Creatures
  The ghost of junkhipster the Cleaver, a novice DsFi of Makhleb (D:8)
  Grinder (D:4)
  Prince Ribbit (D:7)
  The ghost of Rationalist the Skirmisher, an amateur MiBe of Trog (D:3)
  Menkaure (D:6)
  2 orc warriors
  A wyvern zombie (D:5)
  3 giant frogs (D:7)
  A scorpion (D:4)
  A vampire bat (D:4)
  A centaur zombie (D:7)
  5 crimson imps
  A hound (D:4)
  A gnoll shaman (D:4)
  A giant frog zombie (D:5)
  A giant frog skeleton (D:8)
  3 orc priests
  Jessica (D:2)
  3 iguanas
  4 worker ants
  An orc wizard (D:7)
  2 hound skeletons
  A howler monkey zombie (D:5)
  A worker ant zombie (D:5)
  Robin (D:2)
  4 gnolls (D:4)
  6 adders
  2 shadow imps (D:6)
  A white imp (D:8)
  An ooze (D:1)
  An adder zombie (D:6)
  2 worms
  2 giant geckos
  10 orcs
  3 bat skeletons (D:4)
  3 bat zombies (D:4)
  3 giant cockroaches
  20 goblins
  4 hobgoblins
  11 jackals
  8 kobolds
  3 quokkas
  3 ball pythons
  5 bats
  A giant gecko skeleton (D:5)
  5 giant newts
  2 goblin skeletons (D:8)
  A goblin zombie (D:8)
  4 hobgoblin zombies (D:8)
  A kobold skeleton (D:8)
  A kobold zombie (D:8)
  An orc skeleton (D:8)
  3 orc zombies (D:8)
  2 quokka skeletons
  7 rats
160 creatures vanquished.

Notes
Turn   | Place    | Note
--------------------------------------------------------------
     0 | D:1      | Metae the Deep Dwarf Fighter began the quest for the Orb.
     0 | D:1      | Reached XP level 1. HP: 20/20 MP: 1/1
   227 | D:1      | Reached XP level 2. HP: 24/27 MP: 2/2
   448 | D:1      | Reached skill level 1 in Evocations
   863 | D:2      | Reached XP level 3. HP: 31/34 MP: 2/4
   895 | D:2      | Noticed Robin
   931 | D:2      | Killed Robin
   931 | D:2      | Reached skill level 1 in Dodging
   931 | D:2      | Reached skill level 1 in Stealth
  1015 | D:2      | Reached XP level 4. HP: 27/42 MP: 5/5
  1209 | D:2      | Reached skill level 4 in Armour
  1307 | D:2      | Noticed Jessica
  1349 | D:2      | Killed Jessica
  1994 | D:3      | Found a shimmering altar of Xom.
  2099 | D:3      | Found a radiant altar of Vehumet.
  2242 | D:3      | Reached XP level 5. HP: 19/49 MP: 6/6
  2556 | D:3      | Noticed Rationalist's ghost (amateur MiBe)
  2602 | D:3      | Killed Rationalist's ghost
  2602 | D:3      | Reached XP level 6. HP: 20/57 MP: 7/7
  3134 | D:4      | Noticed Grinder
  3142 | D:4      | Killed Grinder
  3142 | D:4      | Reached skill level 5 in Armour
  3142 | D:4      | Reached XP level 7. HP: 39/66 MP: 9/9
  3290 | D:4      | Found an ancient bone altar of Kikubaaqudgha.
  3520 | D:4      | Got a jewelled trident
  3521 | D:4      | Identified the +7 trident of Wunuyled {flame, rElec rF+++ rN+ MR-} (You found it on level 4 of the Dungeon)
  3745 | D:5      | Entered Level 5 of the Dungeon
  3746 | D:5      | Found a bloodstained altar of Trog.
  3746 | D:5      | Found a burning altar of Makhleb.
  3804 | D:5      | Became a worshipper of Makhleb the Destroyer
  3867 | D:5      | Reached skill level 1 in Polearms
  3959 | D:5      | You fall through a shaft for 2 floors!
  3959 | D:7      | Found a staircase to the Ecumenical Temple.
  4008 | D:7      | Reached XP level 8. HP: 28/73 MP: 9/9
  4171 | D:7      | Reached skill level 5 in Fighting
  4243 | D:6      | Found a glowing silver altar of Zin.
  4243 | D:6      | Found a white marble altar of Elyvilon.
  4348 | D:7      | Found a shattered altar of Ashenzari.
  4503 | D:7      | Noticed Prince Ribbit
  4509 | D:7      | Killed Prince Ribbit
  4509 | D:7      | Reached skill level 6 in Armour
  4970 | D:6      | Reached skill level 5 in Shields
  4972 | D:6      | Reached * piety under Makhleb
  5399 | D:6      | Noticed Menkaure
  5431 | D:6      | Killed Menkaure
  5431 | D:6      | Reached skill level 5 in Stealth
  5489 | D:6      | Found a glowing golden altar of the Shining One.
  5536 | D:6      | Gained mutation: You passively map the area around you. [Deep Dwarf growth]
  5536 | D:6      | Reached XP level 9. HP: 53/82 MP: 11/11
  6113 | D:8      | Found a glowing golden altar of the Shining One.
  6132 | D:8      | Reached ** piety under Makhleb
  6161 | D:8      | Noticed junkhipster's ghost (novice DsFi)
  6213 | D:8      | Killed junkhipster's ghost
  6213 | D:8      | Reached skill level 7 in Armour
  6228 | D:8      | Reached skill level 5 in Evocations
  6308 | D:8      | Killed from afar by an orc priest

Skill      XL: |  1  2  3  4  5  6  7  8  9 |
---------------+----------------------------+-----
Evocations     | 1 2 3 4 5 |  5.1
Fighting       | 3 4 5 6 |  6.0
Dodging        | 1 2 3 4 |  4.3
Stealth        | 1 2 4 5 |  5.4
Armour         | 4 5 6 7 |  7.2
Axes           | 3 |  3.5
Shields        | 4 5 |  5.4
Polearms       | 1 3 4 |  4.0

Action                   |  1- 3 |  4- 6 |  7- 9 || total
-------------------------+-------+-------+-------++-------
Melee: War axe           |   108 |   187 |    48 ||   343
       Trident           |       |       |   259 ||   259
 Abil: Device Recharging |       |       |     2 ||     2
Evoke: Wand              |     1 |     3 |    19 ||    23
  Use: Scroll            |     1 |     1 |     6 ||     8
       Potion            |       |     2 |       ||     2
  Eat: Chunk             |     1 |     5 |       ||     6
       Beef jerky        |       |     1 |       ||     1
       Bread ration      |       |     1 |     1 ||     2
       Meat ration       |       |       |     1 ||     1
Armor: Scale mail        |    47 |   105 |    67 ||   219
       Chain mail        |       |       |    68 ||    68
Dodge: Dodged            |    25 |    74 |   119 ||   218
Block: Shield            |    68 |   103 |   161 ||   332
